 Dungeon Crawl Stone Soup version 0.19-a0-1511-g16f215b (webtiles) character file.

9342 jacquesderrida the Grappler (level 11, 52/52 HPs)
             Began as a Vine Stalker Wanderer on Sept 11, 2016.
             Was an Elder of Cheibriados.
             Quit the game in a labyrinth.
             The game lasted 00:30:47 (4728 turns).

jacquesderrida the Grappler (Vine Stalker Wanderer) Turns: 4728, Time: 00:30:48

Health: 52/52      AC: 13    Str: 28    XL:     11   Next: 45%
Magic:  14/14      EV: 18    Int: 23    God:    Cheibriados [****..]
Gold:   351        SH:  7    Dex: 31    Spells: 0 memorised, 10 levels left

rFire  + . .     SeeInvis .       - Unarmed
rCold  x . .     Gourm    .     o - +3 ring mail {rF+}
rNeg   . . .     Faith    .     c - +0 buckler
rPois  .         Spirit   +     r - +0 helmet
rElec  .         Dismiss  .     y - +0 cloak
rCorr  .         Reflect  .     (no gloves)
MR     +....     Harm     .     (no boots)
Stlth  +++++.....               (no amulet)
                                k - ring of stealth
                                g - ring "Nalif" {rC- Dex+5 Slay+3 Stlth+}

@: very slow
A: fangs 3, hooves 1, thin metallic scales 1, camouflage 1, agile 1, clever 1,
frail 1, high mp 1, sense surroundings 1, regeneration 1, screaming 1, strong 1,
wild magic 1, magic shield, antimagic bite, no device heal 3, rot immunity
a: Bend Time, Temporal Distortion, Slouch, Renounce Religion


You were in a labyrinth.
You worshipped Cheibriados.
Cheibriados was greatly pleased with you.
You were not hungry.

You visited 3 branches of the dungeon, and saw 14 of its levels.
You also visited: Labyrinth.

You collected 351 gold pieces.

Inventory:

Hand Weapons
 j - a +1 scimitar of flaming
Armour
 c - a +0 buckler (worn)
 d - the +0 leather armour of Generosity {MR+ rCorr Dex+5, unknown}
   (You found it on level 10 of the Dungeon)

   It affects your dexterity (+5).
   It affects your resistance to hostile enchantments.
   It protects you from acid and corrosion.
 o - a +3 ring mail of fire resistance (worn)
 r - a +0 helmet (worn)
 y - a +0 cloak (worn)
Jewellery
 g - the ring "Nalif" (left hand) {rC- Dex+5 Slay+3 Stlth+}
   (You found it on level 11 of the Dungeon)

   [ring of stealth]

   It affects your dexterity (+5).
   It affects your accuracy and damage with ranged weapons and melee attacks
   (+3).
   It makes you vulnerable to cold.
   It makes you more stealthy.
 k - a ring of stealth (right hand)
 q - a +2 ring of intelligence
 t - an uncursed ring of flight
Wands
 l - a wand of acid (7/15)
 n - a wand of slowing (48/48)
 u - a wand of iceblast (5/15)
Scrolls
 b - 2 scrolls of magic mapping
 h - a scroll of remove curse
Potions
 e - a potion of magic
 m - a potion of curing
 s - a potion of haste
 v - a potion of invisibility
 w - a potion of ambrosia {unknown}
 x - a potion of cancellation {unknown}
Comestibles
 f - 3 bread rations
 p - 2 slices of pizza


   Skills:
 + Level 7.6 Fighting
   Level 2.6 Axes
 - Level 6.2 Armour
 + Level 6.3 Dodging
 - Level 1.2 Stealth
 - Level 4.3 Shields
 + Level 10.6 Unarmed Combat
 + Level 1.2 Invocations
 - Level 1.0 Evocations


You had 10 spell levels left.
You didn't know any spells.

Dungeon Overview and Level Annotations

Branches:
Dungeon (11/15)            Temple (1/1) D:6            Lair (2/6) D:10
    Orc (0/2) D:9
  Swamp: Lair:2-4    Shoals: Lair:2-4     Snake: Lair:2-4    Spider: Lair:2-4

Altars:
Cheibriados
Dithmenos
Gozag
Hepliaklqana
Kikubaaqudgha
Nemelex Xobeh
Okawaru
Ru
Trog
Vehumet
Yredelemnul
Zin
The Shining One
Beogh

Shops:
D:11 =

Annotations:
D:4 Johnny's ghost, amateur DgGl


Innate Abilities, Weirdness & Mutations

You have razor-sharp teeth.
Your natural rate of healing is unusually fast.
When hurt, damage is shared between your health and your magic reserves.
Your bite disrupts and absorbs the magic of your enemies.
Potions and wands cannot restore your health.
You are immune to rotting.
You have large cloven feet.
You are partially covered in thin metallic scales. (AC +2)
Your skin changes colour to match your surroundings (Stealth+).
You are agile. (Dex +2)
Your mind is acute. (Int +2)
You are frail. (-10% HP)
You have an increased reservoir of magic. (+10% MP)
You passively map a small area around you.
You occasionally shout uncontrollably at your foes.
Your muscles are strong. (Str +2)
Your spells are a little harder to cast, but a little more powerful.


Message History

The floor suddenly vibrates beneath you!
Your magical contamination has completely faded away.
You are a level 11 Vine Stalker Wanderer.
You are 45% of the way to level 12.
Play time: 00:27:04 (4064 turns)
You feel a sudden draft!
The floor suddenly vibrates beneath you!
You are a level 11 Vine Stalker Wanderer.
You are 45% of the way to level 12.
Play time: 00:28:11 (4330 turns)
You hear the creaking of ancient gears!
You are a level 11 Vine Stalker Wanderer.
You are 45% of the way to level 12.
Play time: 00:29:25 (4492 turns)
You hear the creaking of ancient gears!
You hear the creaking of ancient gears!
You are a level 11 Vine Stalker Wanderer.
You are 45% of the way to level 12.
Play time: 00:30:44 (4722 turns) Are you sure you want to abandon this character and quit the game? (Confirm with "yes".)

. #. .# .# #. ..
. # ###. #....
######### ▓ ..
.. ...#.... ##
######### #
..#.#.....#.#
###@###.#.#. ##
▓ .
#.......#.#.. #
▓ ##.#######.
### ▓.#
#...#.... . # .#
# # ###.#######
.# ...#...#.#..
# .
.#.###.#.#.#.###
. . #.#.......#
▓ # .###.###. .#


There were no monsters in sight!

Vanquished Creatures
  Erica (D:9)
  The ghost of Johnny the Skirmisher, a novice DgGl (D:7)
  2 hill giants (D:10)
  A manticore (D:8)
  Maurice (D:8)
  A spiny frog (Lair:1)
  2 komodo dragons
  2 trolls (D:10)
  5 yaks
  A wraith (D:11)
  2 hippogriffs (D:10)
  3 hungry ghosts
  A steam dragon (D:10)
  Edmund (D:5)
  A mottled dragon (D:11)
  A water moccasin (Lair:1)
  4 ice beasts
  A black bear (D:8)
  3 orc warriors (D:9)
  A sky beast (D:9)
  2 phantoms (D:9)
  A necrophage (D:9)
  5 ogres
  5 wolves
  A centaur (D:9)
  2 giant frogs
  2 scorpions
  7 wights
  2 killer bees (D:10)
  A centaur zombie (D:10)
  A crimson imp (D:10)
  A giant frog zombie (D:8)
  5 jellies
  2 hounds
  3 giant frog skeletons
  2 orc priests
  2 orc wizards
  3 worker ants
  A worker ant zombie (D:9)
  5 adders
  3 gnolls (D:5)
  A howler monkey skeleton (D:7)
  An adder skeleton (D:9)
  6 giant geckos
  34 orcs
  2 ball pythons
  A giant cockroach (D:2)
  4 goblins
  3 hobgoblins (D:2)
  14 jackals
  2 kobolds
  A quokka (D:5)
  A bat (D:2)
  A giant gecko skeleton (D:5)
  A giant newt (D:4)
  2 rats (D:3)
165 creatures vanquished.

Vanquished Creatures (others)
  2 plants
2 creatures vanquished.

Grand Total: 167 creatures vanquished

Notes
Turn   | Place    | Note
-------+----------+-------------------------------------------
     0 | D:1      | jacquesderrida the Vine Stalker Wanderer began the quest for the Orb.
     0 | D:1      | jacquesderrida set off with: a +2 hand axe, a potion of curing, a +0 buckler, a +0 robe, a bread ration
     0 | D:1      | Reached XP level 1. HP: 11/11 MP: 2/2
   137 | D:2      | Reached skill level 1 in Unarmed Combat
   151 | D:2      | Reached skill level 2 in Unarmed Combat
   151 | D:2      | Reached XP level 2. HP: 15/16 MP: 0/3
   202 | D:2      | Reached XP level 3. HP: 4/19 MP: 4/4
   355 | D:3      | Found an opulent altar of Gozag.
   481 | D:3      | Found a basalt altar of Yredelemnul.
   610 | D:4      | Reached skill level 3 in Unarmed Combat
   636 | D:4      | Gained mutation: Your natural rate of healing is unusually fast. [Vine Stalker growth]
   636 | D:4      | Reached XP level 4. HP: 21/23 MP: 5/5
   647 | D:3      | Found an ancient bone altar of Kikubaaqudgha.
   647 | D:3      | Found a glowing silver altar of Zin.
   740 | D:4      | Noticed Johnny's ghost (amateur DgGl)
   968 | D:4      | Got a slimy quarterstaff
   976 | D:4      | Identified the +7 quarterstaff of Untimely Demise {speed, Str+2 Int+2} (You found it on level 4 of the Dungeon)
   990 | D:4      | Reached skill level 4 in Unarmed Combat
   997 | D:5      | Entered Level 5 of the Dungeon
  1025 | D:5      | Reached XP level 5. HP: 22/27 MP: 6/6
  1031 | D:5      | Noticed an ice beast
  1040 | D:5      | Reached skill level 5 in Unarmed Combat
  1073 | D:5      | Killed an ice beast
  1073 | D:5      | Reached XP level 6. HP: 32/32 MP: 7/7
  1179 | D:5      | Reached skill level 6 in Unarmed Combat
  1253 | D:5      | Noticed Edmund
  1268 | D:5      | Killed Edmund
  1268 | D:5      | Reached skill level 7 in Unarmed Combat
  1268 | D:5      | Reached XP level 7. HP: 25/35 MP: 4/8
  1407 | D:6      | Gained mutation: You are agile. (Dex +2) [potion of mutation]
  1407 | D:6      | Gained mutation: Your skin changes colour to match your surroundings (Stealth+). [potion of mutation]
  1407 | D:6      | Gained mutation: Your spells are a little harder to cast, but a little more powerful. [potion of mutation]
  1408 | D:6      | Lost mutation: You are agile. (Dex +2) [potion of mutation]
  1408 | D:6      | Gained mutation: You have a pair of small horns on your head. [potion of mutation]
  1408 | D:6      | Gained mutation: You are frail. (-10% HP) [potion of mutation]
  1409 | D:6      | Lost mutation: You have a pair of small horns on your head. [potion of mutation]
  1410 | D:6      | Gained mutation: You have a pair of small horns on your head. [potion of mutation]
  1410 | D:6      | Gained mutation: You have an increased reservoir of magic. (+10% MP) [potion of mutation]
  1470 | D:6      | Found a glowing golden altar of the Shining One.
  1496 | D:6      | Gained mutation: Your mind is acute. (Int +2) [potion of mutation]
  1496 | D:6      | Gained mutation: You occasionally shout uncontrollably at your foes. [potion of mutation]
  1497 | D:6      | Gained mutation: You are agile. (Dex +2) [potion of mutation]
  1497 | D:6      | Gained mutation: Your muscles are strong. (Str +2) [potion of mutation]
  1497 | D:6      | Gained mutation: You are partially covered in thin metallic scales. (AC +2) [potion of mutation]
  1507 | D:6      | Found a staircase to the Ecumenical Temple.
  1516 | Temple   | Entered the Ecumenical Temple
  1542 | Temple   | Became a worshipper of Cheibriados the Contemplative
  1634 | D:8      | Noticed Maurice
  1698 | D:8      | Reached skill level 1 in Dodging
  1774 | D:7      | Noticed a hungry ghost
  1790 | D:7      | Killed a hungry ghost
  1790 | D:7      | Reached skill level 8 in Unarmed Combat
  1790 | D:7      | Gained mutation: You have razor-sharp teeth. [Vine Stalker growth]
  1790 | D:7      | Reached XP level 8. HP: 33/36 MP: 8/10
  1933 | D:8      | Noticed a manticore
  1938 | D:7      | Noticed Johnny's ghost (novice DgGl)
  1950 | D:7      | Reached * piety under Cheibriados
  1966 | D:7      | Killed Johnny's ghost
  1966 | D:7      | Reached XP level 9. HP: 23/41 MP: 8/11
  2133 | D:9      | Noticed Erica
  2145 | D:9      | Killed Erica
  2145 | D:9      | Reached skill level 5 in Fighting
  2145 | D:9      | Reached skill level 9 in Unarmed Combat
  2171 | D:9      | Noticed a kobold demonologist
  2199 | D:9      | Noticed a manticore
  2208 | D:9      | Noticed a deep troll earth mage
  2209 | D:9      | Noticed a six-headed hydra
  2218 | D:9      | Noticed a centaur warrior
  2225 | D:9      | Noticed a centaur warrior
  2270 | D:9      | Lost mutation: You have a pair of small horns on your head. [mutagenic meat]
  2276 | D:9      | Gained mutation: You passively map a small area around you. [mutagenic meat]
  2279 | D:9      | Gained mutation: You have large cloven feet. [mutagenic meat]
  2347 | D:9      | Noticed a four-headed hydra
  2376 | D:10     | Entered Level 10 of the Dungeon
  2438 | D:10     | Noticed a hill giant
  2461 | D:11     | Reached XP level 10. HP: 35/47 MP: 12/12
  2494 | D:11     | Found Boliloo's Jewellery Boutique.
  2502 | D:11     | Got a heavily runed pewter ring
  2504 | D:11     | Identified the ring "Nalif" {rC- Dex+5 Slay+3 Stlth+} (You found it on level 11 of the Dungeon)
  2588 | D:11     | Noticed a hill giant
  2618 | D:10     | Reached ** piety under Cheibriados
  2634 | D:10     | Killed a hill giant
  2634 | D:10     | Reached skill level 5 in Armour
  2645 | D:10     | Reached skill level 5 in Dodging
  2657 | D:10     | Got a steaming leather armour
  2831 | D:9      | Reached skill level 10 in Unarmed Combat
  2882 | D:9      | Found a staircase to the Orcish Mines.
  2919 | D:9      | Found a roughly hewn altar of Beogh.
  2925 | D:9      | Reached *** piety under Cheibriados
  3032 | D:8      | Killed Maurice
  3032 | D:8      | Reached XP level 11. HP: 52/52 MP: 13/13
  3101 | D:8      | Found a hazy altar of Hepliaklqana.
  3135 | D:8      | Killed a manticore
  3269 | D:10     | Noticed a hill giant
  3279 | D:10     | Killed a hill giant
  3281 | D:10     | Reached **** piety under Cheibriados
  3305 | D:10     | Found a staircase to the Lair.
  3326 | Lair:1   | Entered Level 1 of the Lair of Beasts
  3361 | Lair:1   | Reached skill level 1 in Invocations
  3492 | Lair:2   | Found a labyrinth entrance.
  3507 | Lab      | Entered a labyrinth
  4728 | Lab      | Quit the game

Vault maps used:
D:1:      minmay_arrival_semitransparent, serial_park_tiny_pond
D:2:      dancing_weapons_uskayaw
D:3:      nicolae_overflow_hidden_temple, first_bread, kennysheep_flooded_box,
          uniq_jessica
D:5:      minmay_diamond_boxcup, lightli_temple_of_fire,
          overflow_temple_1_default, uniq_menkaure, uniq_edmund
D:6:      nicolae_overflow_crystal_walls
D:7:      the_bakery
D:8:      lemuel_round_altar, uniq_maurice
D:9:      orc_0_dummy, special_room, corner_web_ring, minmay_the_grid_3x2,
          uniq_erica
D:10:     david_lair_shrubbed, kennysheep_kite_vault
D:11:     serial_shops, kennysheep_mini_moat
Temple:   nicolae_temple_god_jail
Lair:2:   lab_entry_generic
Lab:      labyrinth_skeletal_remains

Skill      XL: |  1  2  3  4  5  6  7  8  9 10 11 |
---------------+----------------------------------+-----
Unarmed Combat | 2 3 4 5 7 8 9 10 | 10.6
Fighting       | 3 4 6 7 |  7.6
Dodging        | 1 3 4 5 6 |  6.3
Armour         | 3 4 5 6 |  6.2
Shields        | 3 4 |  4.3
Invocations    | 1 |  1.2
Axes           | |  2.6
Stealth        | |  1.2
Evocations     | |  1.0

Action                   |  1- 3 |  4- 6 |  7- 9 | 10-12 || total
-------------------------+-------+-------+-------+-------++-------
Melee: Hand axe          |    45 |    19 |       |       ||    64
       Bite              |    11 |    20 |    55 |   122 ||   208
       Quarterstaff      |       |    46 |    17 |       ||    63
       Unarmed           |       |       |   156 |   206 ||   362
       Headbutt          |       |       |    31 |       ||    31
       Punch             |       |       |     2 |       ||     2
       Kick              |       |       |    10 |   112 ||   122
Evoke: Wand              |       |       |       |     1 ||     1
  Use: Potion            |     1 |       |     8 |     2 ||    11
       Scroll            |       |       |    13 |     4 ||    17
 Stab: Sleeping          |       |       |     6 |     6 ||    12
       Invisible         |       |       |       |     4 ||     4
  Eat: Chunk             |       |     1 |    12 |     5 ||    18
       Fruit             |       |       |       |     3 ||     3
Armor: Scale mail        |    27 |    31 |    71 |       ||   129
       Skin              |       |       |     4 |       ||     4
       Ring mail         |       |       |     8 |    50 ||    58
Dodge: Dodged            |    14 |    28 |    74 |   144 ||   260
Block: Buckler           |     3 |     8 |     4 |    69 ||    84
